 Dungeon Crawl Stone Soup version 0.29-a0-11-ga75d3d97ab (webtiles) character file.

Game seed: 10149979310267957261

51 issech the Cudgeller (level 3, 0/37 HPs)
             Began as a Troll Monk on Jan 29, 2022.
             Slain by an ogre (26 damage)
             ... on level 1 of the Dungeon.
             The game lasted 00:03:19 (930 turns).

issech the Cudgeller (Troll Monk)                    Turns: 930, Time: 00:03:19

Health: 0/37       AC:  4    Str: 19    XL:     3   Next: 58%
Magic:  2/2        EV: 10    Int:  6    God:
Gold:   29         SH:  0    Dex: 14    Spells: 2/2 levels left

rFire   . . .      SeeInvis .   a - +0 mace
rCold   . . .      Faith    .   (no shield)
rNeg    . . .      Spirit   .   b - +0 robe
rPois   .          Reflect  .   (helmet restricted)
rElec   .          Harm     .   (no cloak)
rCorr   .          Rampage  .   (gloves unavailable)
Will    .....                   (boots unavailable)
Stlth   ++........              (no amulet)
HPRegen 0.92/turn               (no ring)
MPRegen 0.08/turn               (no ring)

@: no status effects
A: large, unfitting armour, claws 3, regeneration 1, shaggy fur 1, tough skin 1
a: no special abilities


You were on level 1 of the Dungeon.
You visited 1 branch of the dungeon, and saw 2 of its levels.

You collected 29 gold pieces.

Inventory:

Hand Weapons
 a - a +0 mace (weapon)
Missiles
 c - 33 stones
 e - 4 large rocks (quivered)
 i - 33 arrows
Armour
 b - a +0 robe (worn)
Scrolls
 d - 2 scrolls of torment {unknown}
 f - a scroll of blinking {unknown}
 g - a scroll of fog {unknown}
 h - a scroll of identify {unknown}
Potions
 j - a potion of flight {unknown}
 k - a potion of brilliance {unknown}


   Skills:
 + Level 3.0 Fighting
 + Level 3.2 Maces & Flails
 + Level 2.8 Dodging
 + Level 1.0 Stealth


You had 2 spell levels left.
You didn't know any spells.
Your spell library contained the following spells:

 Spells                   Type           Power      Damage    Failure   Level
 Corpse Rot               Necr/Air       0%         N/A       58%         2
 Poisonous Vapours        Pois/Air       0%         N/A       58%         2


Dungeon Overview and Level Annotations

Branches:
Dungeon (2/15)

Altars:


Innate Abilities, Weirdness & Mutations

You are too large for most types of armour.
You have claws for hands.
Your natural rate of healing is unusually fast.
You are covered in fur. (AC +1)
You have tough skin. (AC +1)


Message History

An orc comes into view. It is wielding a +0 flail.
The orc closely misses you.
The orc shouts!
You hit the orc.
You kill the orc!
An orc comes into view. It is wielding a +0 flail.
An orc comes into view. It is wielding a +0 dagger.
An endoplasm comes into view.
The orc shouts!
The orc hits you with a +0 flail!
You closely miss the orc. The orc closely misses you.
The orc hits you with a +0 flail! x2
The orc completely misses you. The orc closely misses you.
An ogre comes into view. It is wielding a +0 giant club.
The ogre shouts!
The orc hits you but does no damage. The ogre barely misses you.
A kobold comes into view. It is wielding a +0 short sword.
Found 10 stones.
The kobold shouts!
The kobold throws a stone.
The stone barely misses you.
There is a stone staircase leading up here.
The kobold throws a stone.
The stone barely misses you. The ogre hits you with a +0 giant club!
You climb upwards.
There is a stone staircase leading down here.
You hit the ogre.
The ogre is lightly wounded.
The ogre hits you with a +0 giant club!!
Ouch! That really hurt!
You see here a +0 dagger.
Throw: 5 large rocks
Press: ? - help, Q - select action, (/) - cycle Shift-Dir - straight line, f - ogre
Aim: an ogre, wielding a +0 giant club (lightly wounded, 74% to hit)
You throw a large rock. The large rock hits the ogre!
The ogre is heavily wounded.
The ogre hits you with a +0 giant club!!
Ouch! That really hurt!
You die...

#.###.# #.###.# #.....#..###.
#..##.# ##.# #.###.###)..##...
##.##.# #..# #.....##...###.##
##....######.## #####.##.......#
..........#..# ##...#.......###
..........#.######..#.#.###......
..........#.##........).# ##..#..
##..#†#####.##.......#).#####.##.
#.##..##.......@....##.>#....##.
#.###.##....#...O...###.)....##.
#.###....####....(..# ###.......
#........# #.......# ##.....##
##.###..### #.......####......##
..###...# #...................
..##...## #######.###.......#.
..##.#.# ##....###..####.#.
..##.#.# #..#####...# #.#.


You could see an ogre.

Vanquished Creatures
  2 dart slugs (D:1)
  An orc (D:2)
  2 ball pythons
  4 endoplasms (D:1)
  2 giant cockroaches
  3 goblins
  6 hobgoblins
  2 jackals (D:1)
  4 kobolds
  3 quokkas (D:1)
  4 bats
  5 frilled lizards
  4 rats (D:1)
42 creatures vanquished.

Notes
Turn   | Place    | Note
-------+----------+-------------------------------------------
     0 | D:1      | issech the Troll Monk began the quest for the Orb.
     0 | D:1      | Reached XP level 1. HP: 22/22 MP: 0/0
   152 | D:1      | Reached XP level 2. HP: 19/29 MP: 1/1
   380 | D:1      | Reached XP level 3. HP: 36/36 MP: 2/2
   896 | D:2      | Noticed an ogre
   930 | D:1      | Slain by an ogre

Illustrated notes

Levels and vault maps discovered:
D:1:      sevenhm_arrival_forest_fort_large_2, layout_rooms
D:2:      layout_rooms

Skill      XL: |  1  2  3 |
---------------+----------+-----
Maces & Flails | 3 |  3.2
Fighting       | 3 |  3.0
Dodging        | |  2.8
Stealth        | |  1.0

Action                   || total
-------------------------++-------
Melee: Mace              ||   112
       Punch             ||     2
Throw: Large rock        ||     1
 Stab: Sleeping          ||     1
Armor: Robe              ||    46
Dodge: Dodged            ||    98

Table legend: (Time is in decaauts)
 A = Elapsed time spent in this place.
 B = Non-inter-level travel time spent in this place.
 C = Inter-level travel time spent in this place.
 D = Time resting spent in this place.
 E = Time spent auto-exploring this place.
 F = Levels seen in this place.
 G = Mean time per level.
                   A        B        C        D        E       F      G
               +--------+--------+--------+--------+--------+-----+--------+
         Total |    957 |    932 |     25 |      0 |    395 |   2 |  478.5 |
       Dungeon |    957 |    932 |     25 |      0 |    395 |   2 |  478.5 |
               +--------+--------+--------+--------+--------+-----+--------+

Top non-repeatable levels by time:
     D:1: 804 daAuts
     D:2: 153 daAuts
